 Dungeon Crawl Stone Soup version 0.29-a0-330-g52719c12eb (webtiles) character file.

Game seed: 7880811933347492527

602 kae the Firebug (level 6, 0/45 HPs)
             Began as a Demigod Fire Elementalist on Apr 23, 2022.
             Slain by an iguana (12 damage)
             ... on level 5 of the Dungeon.
             The game lasted 00:03:45 (5782 turns).

kae the Firebug (Demigod Fire Elementalist)         Turns: 5782, Time: 00:03:46

Health: 0/45       AC:  3    Str:  9    XL:     6   Next: 97%
Magic:  3/15       EV: 12    Int: 25    God:
Gold:   1014       SH:  0    Dex: 14    Spells: 4/13 levels left

rFire   + . .      SeeInvis +   u - staff of fire
rCold   . . .      Faith    .   (no shield)
rNeg    . . .      Spirit   .   a - +0 robe
rPois   .          Reflect  .   (no helmet)
rElec   .          Harm     .   (no cloak)
rCorr   .          Rampage  .   (no gloves)
Will    .....                   e - +0 pair of boots
Stlth   ++........              (no amulet)
HPRegen 0.15/turn               q - ring of see invisible
MPRegen 0.14/turn               (no ring)

@: no status effects
A: high MP 1, forlorn, divine attributes
a: no special abilities


You were on level 5 of the Dungeon.
You visited 1 branch of the dungeon, and saw 5 of its levels.

You collected 1014 gold pieces.

Inventory:

Hand Weapons
 g - a +3 vorpal hand axe
Armour
 a - a +0 robe (worn)
 e - a +0 pair of boots (worn)
 r - a scarf of harm
Magical Staves
 u - a staff of fire (weapon)
Jewellery
 q - a ring of see invisible (left hand)
Scrolls
 k - a scroll of enchant weapon
 l - 3 scrolls of teleportation
Potions
 b - 2 potions of magic
 c - a potion of curing
 d - a potion of heal wounds {unknown}
 f - 3 potions of brilliance
 h - 2 potions of haste
 j - a potion of degeneration {unknown}
 m - a potion of resistance
 n - a potion of ambrosia {unknown}
 p - a potion of mutation {unknown}
 t - 2 potions of lignification


   Skills:
 - Level 1.7 Dodging
 - Level 1.7 Stealth
 + Level 4.1 Spellcasting
 + Level 4.3 Conjurations
 + Level 4.4 Fire Magic


You had 4 spell levels left.
You knew the following spells:

 Your Spells              Type           Power      Damage    Failure   Level
a - Foxfire               Conj/Fire      100%       2x1d9     1%          1
b - Scorch                Fire           82%        2d9       2%          2
c - Conjure Flame         Conj/Fire      40%        6-21      4%          3
d - Inner Flame           Hex/Fire       24%        N/A       11%         3

Your spell library contained the following spells:

 Spells                   Type           Power      Damage    Failure   Level
 Apportation              Tloc           10%        N/A       9%          1
 Sublimation of Blood     Necr           5%         N/A       14%         2
 Wereblood                Tmut           5%         N/A       14%         2
 Flame Wave               Conj/Fire      40%        2d9       14%         4
 Call Canine Familiar     Summ           5%         N/A       26%         3
 Portal Projectile        Hex/Tloc       10%        N/A       26%         3
 Cause Fear               Hex            2%         N/A       65%         4
 Leda's Liquefaction      Hex/Erth       2%         N/A       65%         4
 Summon Hydra             Summ           2%         N/A       100%        7
 Discord                  Hex            2%         N/A       100%        8


Dungeon Overview and Level Annotations

Branches:
Dungeon (5/15)
 Temple: D:4-7

Annotations:
D:4 2 transporters


Innate Abilities, Weirdness & Mutations

You have an increased reservoir of magic. (+10% MP)
You shall have no god before yourself.
Your divine heritage dramatically boosts your attributes as you level up.


Message History

The kobold brigand hits you with a +0 dagger.
The kobold hits you but does no damage.
The kobold brigand hits you with a +0 dagger.
Your foxfire dissipates!
The kobold brigand attacks as you move away!
The kobold brigand closely misses you.
The kobold throws a stone.
The stone hits you.
The kobold brigand throws a poisoned dart.
The poisoned dart completely misses you.
Casting: Scorch (safe; 2% risk of failure)
Confirm with . or Enter, or press ? or * to list all spells.
You feel a surge of power!
Flames lash the kobold.
You kill the kobold!
The kobold brigand hits you with a +0 dagger.
Casting: Scorch (safe; 2% risk of failure)
Confirm with . or Enter, or press ? or * to list all spells.
You feel a surge of power!
Flames lash the kobold brigand.
The kobold brigand is severely wounded.
The kobold brigand's fire resistance burns away.
You hear a howl!
The kobold brigand hits you with a +0 dagger.
The kobold brigand closely misses you.
Casting: Scorch (safe; 2% risk of failure)
Confirm with . or Enter, or press ? or * to list all spells.
You feel a surge of power!
Flames lash the kobold brigand.
The kobold brigand is burned terribly!
You kill the kobold brigand!
A kobold comes into view. It is wielding a +0 hunting sling.
The iguana bites you!
* * * LOW HITPOINT WARNING * * *
Casting: Scorch (safe; 2% risk of failure)
Confirm with . or Enter, or press ? or * to list all spells.
You feel a surge of power!
Flames lash the iguana.
The iguana is heavily wounded.
The iguana's fire resistance burns away.
The iguana barely misses you.
A kobold comes into view. It is wielding a +2 whip of flaming.
The iguana barely misses you.
It was a potion of curing.
You feel better. The iguana bites you!
You die...

##############.## #
#.#.#.#.#.#.#.#.## .
.#.#.#.#.#.#.#.#.# .#
#.#.#.#.#.#.#.#.## .# #
.#.#.#.#.#.#.#.#.##.###.#
#.#.#.#.#.#.#.#.##.......
.#.#.#.#.#.#.#.#.K).)....
#.#.#.#.#.#.#.#K#l..#.#.
.#.#.#.#.#.#.#.#@##.#
#.#.#.#.#.#.#.#.## #
.#.#.#.#.#.#.#.#
#.#.#.#.#.#.#.# .#.#.#.
.#.#.# #.#.#. .#.# .#.#.
#.# #.#. .# .#<


You could see an iguana (combustible) and 2 kobolds.

Vanquished Creatures
  A kobold brigand (D:5)
  A necrophage (D:5)
  A scorpion (D:4)
  A killer bee (D:4)
  2 hounds
  3 orc priests
  An iguana (D:5)
  3 gnolls (D:4)
  5 adders
  A shadow imp (D:5)
  An ufetubus (D:4)
  A worm (D:3)
  4 dart slugs
  13 orcs
  6 endoplasms
  2 giant cockroaches
  7 goblins
  5 hobgoblins
  3 jackals
  8 quokkas
  9 ball pythons
  2 bats
  5 frilled lizards
  9 kobolds
  4 rats
98 creatures vanquished.

Vanquished Creatures (others)
  299 foxfires
299 creatures vanquished.

Grand Total: 397 creatures vanquished

Notes
Turn   | Place    | Note
-------+----------+-------------------------------------------
     0 | D:1      | kae the Demigod Fire Elementalist began the quest for the
                  | Orb.
     0 | D:1      | Reached XP level 1. HP: 14/14 MP: 5/5
    57 | D:1      | Reached skill level 1 in Conjurations
   488 | D:1      | Reached XP level 2. HP: 20/20 MP: 4/7
  1427 | D:2      | Reached XP level 3. HP: 26/26 MP: 3/9
  1506 | D:2      | Learned a level 2 spell: Scorch
  1510 | D:2      | Learned a level 3 spell: Conjure Flame
  2731 | D:3      | Got Sif Muna's Handbook of the Voyage
  3047 | D:3      | Reached XP level 4. HP: 33/33 MP: 5/11
  3354 | D:4      | Learned a level 3 spell: Inner Flame
  3354 | D:4      | Identified 2 scrolls of acquirement
  3354 | D:4      | Acquired a staff of fire
  3356 | D:4      | Acquired 864 gold pieces
  3559 | D:4      | Reached XP level 5. HP: 38/38 MP: 8/12
  3693 | D:4      | Found a transporter.
  4451 | D:4      | Reached XP level 6. HP: 6/45 MP: 2/14
  4965 | D:4      | Found a transporter.
  5290 | D:5      | Entered Level 5 of the Dungeon
  5782 | D:5      | Slain by an iguana

Illustrated notes

Levels and vault maps discovered:
D:1:      tarquinn_simple_flora_water_d, layout_rooms,
          hellmonk_ecumenical_altar_leap_of_faith
D:2:      layout_loops_ring
D:3:      layout_basic, grunt_temple_overflow_magic_moments,
          mainiacjoe_overflow_big_doors, worldfamousw_hep_ancestral_shrine
D:4:      gammafunk_cloud_chamber, layout_loops_ring,
          mainiacjoe_overflow_large_starburst, kennysheep_big_empty_room,
          minmay_small_thing
D:5:      layout_basic, minmay_misc_feat_nine_boxes, minmay_liquid_box

Skill      XL: |  1  2  3  4  5  6 |
---------------+-------------------+-----
Conjurations   | 1 2 3 4 |  4.3
Spellcasting   | 2 3 4 |  4.1
Fire Magic     | 3 4 |  4.4
Dodging        | |  1.7
Stealth        | |  1.7

Action                   |  1- 3 |  4- 6 || total
-------------------------+-------+-------++-------
Melee: Hand axe          |    13 |     1 ||    14
       Staff             |       |     1 ||     1
 Cast: Foxfire           |   109 |    71 ||   180
       Scorch            |     6 |    36 ||    42
       Conjure Flame     |       |     2 ||     2
  Use: Scroll            |       |    11 ||    11
       Potion            |       |     1 ||     1
 Stab: Sleeping          |     1 |       ||     1
Armor: Robe              |     5 |    11 ||    16
Dodge: Dodged            |    32 |    52 ||    84

Table legend: (Time is in decaauts)
 A = Elapsed time spent in this place.
 B = Non-inter-level travel time spent in this place.
 C = Inter-level travel time spent in this place.
 D = Time resting spent in this place.
 E = Time spent auto-exploring this place.
 F = Levels seen in this place.
 G = Mean time per level.
                   A        B        C        D        E       F      G
               +--------+--------+--------+--------+--------+-----+--------+
         Total |   5785 |   5647 |    138 |    213 |   4625 |   5 | 1157.0 |
       Dungeon |   5785 |   5647 |    138 |    213 |   4625 |   5 | 1157.0 |
               +--------+--------+--------+--------+--------+-----+--------+

Top non-repeatable levels by time:
     D:4: 1826 daAuts
     D:3: 1285 daAuts
     D:2: 1156 daAuts
     D:1: 1025 daAuts
     D:5: 491 daAuts
